 Dungeon Crawl Stone Soup version 0.31-a0-1074-g0b22e4e0f1 (webtiles) character file.

Game seed: 6007538676017904983

9409 grandjackal the Cleaver (level 12, -2/107 HPs)
             Began as a Meteoran Fighter on Nov 29, 2023.
             Was a Priest of Trog.
             Constricted to death by Erica (3 damage)
             ... on level 11 of the Dungeon.
             The game lasted 00:11:02 (5665 turns).

grandjackal the Cleaver (Meteoran Fighter)          Turns: 5665, Time: 00:11:03

Health: -2/107     AC: 15    Str: 22    XL:     12   Next: 4%
Magic:  13/13      EV:  6    Int: 11    God:    Trog [***...]
Gold:   396        SH:  6    Dex: 14    Spells: 11/11 levels left

rFire   . . .        a - +0 war axe
rCold   . . .        c - +0 buckler
rNeg    . . .        b - +0 scale mail
rPois   +            (no helmet)
rElec   .            g - +0 cloak
rCorr   .            (no gloves)
SInv    .            w - +0 pair of boots
Will    +....        i - amulet of faith Stlth
                     k - +4 ring of protection
HPRegen 0.37/turn    r - ring of poison resistance
MPRegen 0.13/turn

%: faith
@: lethally poisoned (-2 -> -5), about to teleport, on berserk cooldown, slowed,
glowing, constricted, very slow
A: sense surroundings 2, otherworldly, glowing, explore regen
a: Renounce Religion, Berserk, Trog's Hand


You were on level 11 of the Dungeon.
You worshipped Trog.
Trog was most pleased with you.
You visited 1 branch of the dungeon, and saw 11 of its levels.

You collected 396 gold pieces.

Inventory:

Hand Weapons
 a - a +0 war axe (weapon)
Missiles
 m - 2 throwing nets
Armour
 b - a +0 scale mail (worn)
 c - a +0 buckler (worn)
 g - a +0 cloak (worn)
 w - a +0 pair of boots (worn)
Jewellery
 i - an amulet of faith (around neck)
 k - a +4 ring of protection (left hand)
 r - a ring of poison resistance (right hand)
 A - a ring of flight
Wands
 n - a wand of roots (6)
 p - a wand of charming (8)
 s - a wand of flame (12)
Scrolls
 d - 6 scrolls of identify
 j - 5 scrolls of teleportation
 l - a scroll of fear {unknown}
 o - a scroll of silence {unknown}
 q - a scroll of torment {unknown}
 t - a scroll of acquirement {unknown}
 v - a scroll of amnesia {unknown}
 y - a scroll of revelation {unknown}
Potions
 e - 4 potions of heal wounds
 f - 2 potions of degeneration
 h - a potion of mutation {unknown}
 u - a potion of magic {unknown}
 x - a potion of curing {unknown}
 z - a potion of resistance {unknown}


   Skills:
 + Level 10.3 Fighting
 + Level 10.8 Axes
 + Level 10.2 Armour
 + Level 10.3 Shields


You had 11 spell levels left.
You didn't know any spells.
Your spell library was empty.

Dungeon Overview and Level Annotations

Branches:
Dungeon (11/15) Zot: 750   Temple (0/1) D:7
   Lair: D:8-11         Orc: D:9-12

Altars:
Ashenzari
Cheibriados
Dithmenos
Hepliaklqana
Nemelex Xobeh
Trog
Yredelemnul
The Shining One

Shops:
D:1 [[[

Annotations:
D:7 Jeremiah, Maggie
D:10 1 runed translucent door, RandomusNamus's ghost, novice OpCj
D:11 Erica


Innate Abilities, Weirdness & Mutations

You passively map the area around you.
You are easily found by Zot.
You glow in the dark.
You regain HP and MP as you explore.


Message History

You feel very sick.
The orc priest shouts!
The troll bites you.
The troll claws you but does no damage. x2
Unknown command.
You hit the troll.
The troll is lightly wounded.
You barely miss something.
You feel sick. The troll bites you! The troll barely misses you.
The troll claws you. Something hits you but does no damage.
Something grabs you.
You are constricted.
The troll bites you. The troll claws you!
The troll claws you but does no damage.
The orc priest looks braver for a moment.
Something hits you. Something burns you.
You are constricted.
Unknown command.
As you read the scroll labelled WAMEQY TEXIDE, it crumbles to dust.
It is a scroll of identify.
f - 2 potions of degeneration You feel very sick.
The troll bites you! The troll claws you. The troll claws you!
An orc warrior comes into view. It is wielding a +0 hand axe.
Something hits you. Something burns you.
You are constricted.
As you read the scroll labelled ICU IC KANLO, it crumbles to dust.
You feel strangely unstable.
It was a scroll of teleportation.
You feel sick.
The orc warrior shouts!
The troll bites you. The troll claws you!
* * * LOW HITPOINT WARNING * * *
The troll claws you but does no damage. Something hits you!
* * * LOW HITPOINT WARNING * * *
Something burns you.
* * * LOW HITPOINT WARNING * * *
You are constricted.
An orc comes into view. It is wielding a +0 dagger.
The troll bites you but does no damage. The troll claws you!
* * * LOW HITPOINT WARNING * * *
The troll claws you but does no damage. Something hits you.
* * * LOW HITPOINT WARNING * * *
Something burns you.
* * * LOW HITPOINT WARNING * * *
You are constricted.
You die...

,, * * * * , ,
# ... , *** #.
*...)
#.#######....
,*
#............
, * ,
#...........o,
#.........o..,
* * *,
#.....To.....,
, * *
#...{@.......
,
#..........##
** , *
#..........# ,
*,*
#..........#
#..........# ,
, #.†######..#
* * #..# ..#
*, * #..# ..#
, #..# ..# *


You could see a troll, an orc warrior, an orc priest and an orc (wandering).

Vanquished Creatures
  Harold (D:9)
  2 two-headed ogres
  Pikel (D:4)
  A gargoyle (D:10)
  Psyche (D:8)
  2 hornets
  2 trolls (D:10)
  Grinder (D:3)
  7 dream sheep (D:8)
  Sigmund (D:6)
  2 shadows (D:8)
  A wyvern (D:8)
  A basilisk (D:8)
  2 water moccasins
  2 sky beasts (D:6)
  An orc warrior (D:9)
  2 black bears
  2 ogres
  A phantom (D:6)
  3 centaurs
  3 kobold brigands
  3 gnoll sergeants
  4 scorpions
  2 bullfrogs (D:8)
  8 wights
  A killer bee (D:10)
  6 howler monkeys
  8 hounds
  3 iguanas
  A gnoll bouda (D:6)
  A sleepcap (D:5)
  10 orc wizards
  3 scorpion zombies (D:4)
  A howler monkey zombie (D:4)
  9 gnolls
  7 adders
  A shadow imp (D:7)
  2 ufetubi (D:7)
  An adder zombie (D:4)
  5 worms
  2 dart slugs
  22 orcs
  4 endoplasms
  5 giant cockroaches
  5 goblins
  A hobgoblin (D:4)
  9 jackals
  18 kobolds
  4 quokkas
  3 ball pythons
  A bat (D:3)
  3 rats
192 creatures vanquished.

Notes
Turn   | Place    | Note
-------+----------+-------------------------------------------
     0 | D:1      | grandjackal the Meteoran Fighter began the quest for the
                  | Orb.
     0 | D:1      | Reached XP level 1. HP: 19/19 MP: 2/2
    33 | D:1      | Reached XP level 2. HP: 26/26 MP: 3/3
    77 | D:1      | Found Ronweess's Antique Armour Shop.
   104 | D:1      | Found Xeniutug's Antique Armour Boutique.
   107 | D:1      | Found Muoqis's Antique Armour Emporium.
   147 | D:2      | Reached XP level 3. HP: 31/31 MP: 4/4
   344 | D:2      | Reached XP level 4. HP: 20/40 MP: 5/5
   470 | D:3      | Found a faded altar of an unknown god.
   525 | D:3      | Noticed Grinder
   530 | D:3      | Paralysed by Grinder for 4 turns
   550 | D:3      | HP: 2/40 [Grinder (6)]
   552 | D:3      | Killed Grinder
   553 | D:3      | Reached XP level 5. HP: 2/47 MP: 6/6
   553 | D:3      | Reached XP level 6. HP: 2/53 MP: 7/7
   665 | D:3      | Found a broken altar of Ashenzari.
   720 | D:3      | Reached XP level 7. HP: 56/60 MP: 8/8
   982 | D:4      | Reached skill level 5 in Shields
  1142 | D:4      | Reached skill level 5 in Fighting
  1161 | D:4      | Reached skill level 5 in Armour
  1162 | D:4      | Found a basalt altar of Yredelemnul.
  1280 | D:5      | Entered Level 5 of the Dungeon
  1296 | D:5      | Reached skill level 5 in Axes
  1515 | D:4      | Reached XP level 8. HP: 49/68 MP: 9/9
  1738 | D:5      | Noticed Pikel
  1769 | D:4      | Killed Pikel
  1771 | D:4      | Gained mutation: You passively map the area around you.
                  | [Meteoran growth]
  1771 | D:4      | Reached XP level 9. HP: 26/75 MP: 10/10
  2145 | D:5      | Found a shadowy altar of Dithmenos.
  2146 | D:5      | Found a glowing golden altar of the Shining One.
  2148 | D:5      | Found a hazy altar of Hepliaklqana.
  2151 | D:5      | Found a snail-covered altar of Cheibriados.
  2151 | D:5      | Found a bloodstained altar of Trog.
  2159 | D:5      | Became a worshipper of Trog the Wrathful
  2522 | D:6      | Noticed Sigmund
  2527 | D:6      | Killed Sigmund
  2694 | D:6      | Reached XP level 10. HP: 75/86 MP: 11/11
  2793 | D:6      | Reached * piety under Trog
  2948 | D:6      | Identified the +1 leather armour of Dice, Bag, and Bottle
                  | {MP-9 Str+7 SInv}
  3243 | D:7      | Noticed Jeremiah
  3255 | D:7      | Noticed Maggie
  3413 | D:7      | Found a staircase to the Ecumenical Temple.
  3436 | D:7      | Reached ** piety under Trog
  3660 | D:7      | Found a sparkling altar of Nemelex Xobeh.
  3687 | D:8      | Noticed Psyche
  3694 | D:8      | Noticed a two-headed ogre
  3705 | D:8      | Killed Psyche
  3707 | D:8      | Killed a two-headed ogre
  3760 | D:8      | Reached XP level 11. HP: 95/95 MP: 12/12
  3916 | D:8      | Found the +5 robe of Night {Dark Will+ SInv}
  4034 | D:8      | Reached *** piety under Trog
  4079 | D:8      | Reached skill level 10 in Axes
  4418 | D:9      | Noticed Harold
  4444 | D:9      | Killed Harold
  4660 | D:10     | Entered Level 10 of the Dungeon
  4661 | D:10     | Noticed a two-headed ogre
  4669 | D:10     | Killed a two-headed ogre
  4670 | D:10     | Reached skill level 10 in Fighting
  4670 | D:10     | Reached skill level 10 in Shields
  4675 | D:10     | Reached skill level 10 in Armour
  5251 | D:10     | Reached XP level 12. HP: 106/106 MP: 13/13
  5284 | D:10     | Found a runed translucent door.
  5461 | D:10     | Noticed RandomusNamus's ghost (novice OpCj)
  5654 | D:11     | Noticed Erica
  5665 | D:11     | HP: 4/107 [something (6)]
  5665 | D:11     | HP: 1/107 [something (3)]
  5665 | D:11     | Constricted to death by Erica

Illustrated notes

Levels and vault maps discovered:
D:1:      heliophobic_arrival_enchanted_forest, layout_basic, serial_shops,
          nicolae_shop_tiny_waterfront, shop, shop,
          nicolae_shop_advertising_works [nicolae_subvault_shop_adworks],
          nicolae_diamond_shop
D:2:      layout_basic
D:3:      layout_loops_ring, nicolae_ashenzari_skybound,
          shapermc_ecumenical_altar_pompeii, serial_bayou_lake_a, uniq_grinder,
          uniq_crazy_yiuf_cottage
D:4:      layout_basic, nicolae_yredelemnul_corpse_copse,
          minmay_misc_feat_diagonals
D:5:      nicolae_cairo_tiling_large_dashed, layout_basic,
          grunt_temple_overflow_open, serial_corexii_hall,
          corexii_hall_statues_deadend, corexii_hall_statues_l,
          chequers_hall_statues_y, corexii_hall_statues_i, kennysheep_donut,
          uniq_pikel
D:6:      layout_rooms, kennysheep_generic_room_2, uniq_sigmund
D:7:      lemuel_castle_with_subvaults [lemuel_castle_interior_carwin_2],
          layout_basic, lemuel_doored_altar, general_overflow_altar,
          minmay_temple_entry_junction_2, uniq_joseph, uniq_jeremiah,
          uniq_maggie
D:8:      layout_basic, minmay_lair_entry_grove, hellmonk_guarded_unrand_night,
          uniq_psyche
D:9:      layout_roguey [special_room_bee], uniq_harold, uniq_maurice
D:10:     layout_cave_pods, ebering_ghost_reflecting_pool,
          nicolae_zen_rock_garden, kennysheep_cross_bottleneck,
          minmay_misc_feat_five
D:11:     layout_small_grid, ebering_ghost_inner_flame,
          nicolae_uskayaw_dance_studio, uniq_erica, uniq_grum, uniq_urug

Skill      XL: |  1  2  3  4  5  6  7  8  9 10 11 |
---------------+----------------------------------+-----
Axes           | 3 4 5 6 7 9 10 | 10.8
Fighting       | 4 5 6 7 8 10 | 10.3
Armour         | 4 5 6 7 8 10 | 10.2
Shields        | 4 5 6 7 8 10 | 10.3

Action                     |  1- 3 |  4- 6 |  7- 9 | 10-12 || total
---------------------------+-------+-------+-------+-------++-------
  Melee: War axe           |    60 |    58 |   279 |   300 ||   697
 Invoke: Berserk           |       |       |       |     6 ||     6
  Evoke: Wand              |       |       |       |     4 ||     4
    Use: Potion            |       |     2 |       |     1 ||     3
         Scroll            |       |       |       |     2 ||     2
 Armour: Scale mail        |    63 |    32 |   275 |   319 ||   689
  Dodge: Dodged            |    31 |    28 |   123 |   148 ||   330
  Block: Buckler           |    16 |    11 |    73 |   122 ||   222

Table legend: (Time is in decaauts)
 A = Elapsed time spent in this place.
 B = Non-inter-level travel time spent in this place.
 C = Inter-level travel time spent in this place.
 D = Time resting spent in this place.
 E = Time spent auto-exploring this place.
 F = Levels seen in this place.
 G = Mean time per level.
                   A        B        C        D        E       F      G
               +--------+--------+--------+--------+--------+-----+--------+
         Total |   5847 |   5757 |     90 |   1813 |   2020 |  11 |  531.5 |
       Dungeon |   5847 |   5757 |     90 |   1813 |   2020 |  11 |  531.5 |
               +--------+--------+--------+--------+--------+-----+--------+

Top non-repeatable levels by time:
     D:5: 1021 daAuts
    D:10: 932 daAuts
     D:6: 700 daAuts
     D:8: 604 daAuts
     D:4: 591 daAuts
     D:3: 522 daAuts
     D:7: 493 daAuts
     D:9: 419 daAuts
     D:2: 344 daAuts
     D:1: 154 daAuts
    D:11: 63 daAuts
